 Dungeon Crawl Stone Soup version 0.22-a0-422-g9628fc8 (webtiles) character file.

2048 Kairos the Twirler (level 9, -5/68 HPs)
             Began as a Demonspawn Gladiator on May 16, 2018.
             Was a Priest of Okawaru.
             Splashed by a crimson imp's acid (12 damage)
             ... on level 6 of the Dungeon.
             The game lasted 00:11:25 (7215 turns).

Kairos the Twirler (Demonspawn Gladiator)           Turns: 7215, Time: 00:11:28

Health: -5/68      AC: 15    Str: 23    XL:     9   Next: 4%
Magic:  18/18      EV: 10    Int: 10    God:    Okawaru [***...]
Gold:   332        SH:  0    Dex: 14    Spells: 8/8 levels left

rFire    . . .     SeeInvis .   a - +5 quarterstaff
rCold    . . .     Gourm    .   (shield currently unavailable)
rNeg     . . .     Faith    .   n - +0 chain mail
rPois    +         Spirit   .   c - +0 helmet
rElec    .         Reflect  .   (no cloak)
rCorr    .         Harm     .   (no gloves)
MR       .....                  (no boots)
Stlth    ..........             (no amulet)
HPRegen  0.21/turn              p - ring of magical power
MPRegen  0.16/turn              s - ring of poison resistance

@: mighty, corroded, sanguine armour, drained
A: claws 2, powered by pain 2, sanguine armour 2
a: Heroism, Renounce Religion


You were on level 6 of the Dungeon.
You worshipped Okawaru.
Okawaru was most pleased with you.
You were not hungry.

You visited 1 branch of the dungeon, and saw 6 of its levels.
You also visited: Sewer.

You collected 332 gold pieces.

Inventory:

Hand Weapons
 a - a +5 quarterstaff (weapon)
 w - a +0 flail of crushing
 C - a +1 hand axe of draining
Missiles
 d - 3 throwing nets (quivered)
Armour
 c - a +0 helmet (worn)
 n - a +0 chain mail (worn)
Jewellery
 p - a ring of magical power (left claw)
 s - a ring of poison resistance (right claw)
Wands
 y - a wand of digging (10)
 D - a wand of polymorph (16)
Scrolls
 b - 3 scrolls of magic mapping
 e - 2 scrolls of enchant armour
 g - 2 scrolls of identify
 h - 6 scrolls of teleportation
 j - 2 scrolls of amnesia
 k - 4 scrolls of fear
 l - 4 scrolls of blinking
 m - 3 scrolls of remove curse
 r - 4 scrolls of fog
 v - a scroll of immolation
 B - a scroll of noise {unknown}
Potions
 f - 2 potions of curing {unknown}
 i - 2 potions of haste {unknown}
 o - a potion of invisibility {unknown}
 q - 2 potions of brilliance {unknown}
 u - 5 potions of might
 x - a potion of flight {unknown}
 z - 3 potions of heal wounds {unknown}
 A - a potion of resistance {unknown}
Comestibles
 t - a ration
 E - 2 chunks of flesh


   Skills:
 + Level 5.2(4.4) Fighting
 + Level 7.9(7.1) Staves
 + Level 1.8(1.1) Throwing
 + Level 5.2(4.5) Armour
 + Level 4.1(3.4) Dodging
 + Level 1.1(0.4) Stealth
 + Level 0.9(0.2) Invocations


You had 8 spell levels left.
You didn't know any spells.
Your spell library was empty.

Dungeon Overview and Level Annotations

Branches:
Dungeon (6/15)
 Temple: D:4-7

Altars:
Hepliaklqana
Kikubaaqudgha
Nemelex Xobeh
Okawaru
Wu Jian
Xom

Shops:
D:4 ?

Annotations:
D:5 2 transporters
D:6 p0werm0de's ghost, novice DDFi


Innate Abilities, Weirdness & Mutations

You have very sharp fingernails.
You sometimes gain power by taking damage.
When seriously injured, your bleeding wounds create thick armour. (AC +9)


Message History

A crimson imp comes into view.
A crimson imp is nearby!
A crimson imp is nearby!
The crimson imp lashes its tail.
The crimson imp zaps a wand.
The bolt of acid hits you!
You are splashed with acid!
The acid burns!
* * * LOW HITPOINT WARNING * * *
It is a wand of acid (3).
You are too injured to fight recklessly!
You are too injured to fight recklessly!
You are too injured to fight recklessly!
You are too injured to fight recklessly!
You are too injured to fight recklessly!
The crimson imp shouts, "Scamper home, thou wayward hasty-witted crab-lanthorn!"
The crimson imp zaps a wand.
The bolt of acid hits you!
* * * LOW HITPOINT WARNING * * *
You focus on the pain.
You feel very mighty all of a sudden. The acid corrodes you!
You are splashed with acid!
The acid burns!
You die...

,,,,,,,,...............,,........
,,,,######.............,,........
,,,,#....#.............,,........
,,,,#....#.............,,........
,,,,#....#.............,,........
,,,,#....#.............,,........
,,,,##'###.............,,,.......
,,,,#...#######5#####+###,.......
,,,,#...........@.>.....#,.......
,,,,#...................#........
,,,,#...................#........
,,,,#.............).....#........
,,,,######.......##.....#........
,,,,,,,,,#....†..######'#........
,,,,,,,,,#.....).##.....#........
,,,,,,,,,#..............#........
,,,,,,,,,#..............'........


You could see a crimson imp.

Vanquished Creatures
  The ghost of p0werm0de the Chopper, a novice DDFi of Xom (D:5)
  Grinder (D:6)
  The ghost of iamserjio the Poker, an amateur MfSk (D:3)
  A sky beast (D:5)
  2 centaurs (D:5)
  3 bullfrogs
  A scorpion (D:4)
  2 crimson imps
  3 hounds
  2 orc priests (D:4)
  A jelly (D:5)
  4 orc wizards
  2 iguanas
  18 adders
  2 river rats (Sewer)
  2 shadow imps (D:6)
  An ooze (D:2)
  2 adder zombies
  An adder skeleton (D:4)
  7 worms
  A dart slug (D:4)
  6 leopard geckos
  12 orcs
  4 bats
  8 giant cockroaches
  3 goblins
  8 hobgoblins
  4 jackals (D:5)
  3 quokkas
  8 ball pythons
  8 frilled lizards
  5 kobolds
  A leopard gecko skeleton (D:5)
  36 rats
164 creatures vanquished.

Notes
Turn   | Place    | Note
-------+----------+-------------------------------------------
     0 | D:1      | Kairos the Demonspawn Gladiator began the quest for the Orb.
     0 | D:1      | Reached XP level 1. HP: 16/16 MP: 1/1
   105 | D:1      | Gained mutation: You sometimes gain a little power by taking damage. [demonic ancestry]
   105 | D:1      | Reached XP level 2. HP: 21/22 MP: 2/2
   216 | D:1      | Reached skill level 3 in Staves
   513 | D:2      | Gained mutation: When seriously injured, your bleeding wounds create armour. (AC +9) [demonic ancestry]
   513 | D:2      | Reached XP level 3. HP: 11/28 MP: 3/3
   538 | D:2      | HP: 1/28 [poisoned by an adder]
  2198 | D:2      | Found a hazy altar of Hepliaklqana.
  2233 | D:2      | Gained mutation: You have sharp fingernails. [demonic ancestry]
  2233 | D:2      | Reached XP level 4. HP: 34/34 MP: 4/4
  2331 | D:3      | Found an iron altar of Okawaru.
  2344 | D:3      | Became a worshipper of Warmaster Okawaru
  2442 | D:3      | Noticed iamserjio's ghost (amateur MfSk)
  2927 | D:3      | Found an ancient bone altar of Kikubaaqudgha.
  3036 | D:3      | Killed iamserjio's ghost
  3036 | D:3      | Reached * piety under Okawaru
  3036 | D:3      | Reached skill level 4 in Staves
  3036 | D:3      | Reached skill level 1 in Armour
  3036 | D:3      | Gained mutation: When seriously injured, your bleeding wounds create thick armour. (AC +9) [demonic ancestry]
  3036 | D:3      | Reached XP level 5. HP: 29/40 MP: 5/5
  3385 | D:3      | Found a sparkling altar of Nemelex Xobeh.
  3600 | D:4      | Found Apopeori's Magic Scroll Shoppe.
  3719 | D:4      | Reached XP level 6. HP: 32/47 MP: 6/6
  3721 | D:4      | Reached skill level 5 in Staves
  4480 | D:5      | Entered Level 5 of the Dungeon
  4558 | D:5      | Noticed a sky beast
  4569 | D:5      | Killed a sky beast
  4569 | D:5      | Gained mutation: You sometimes gain power by taking damage. [demonic ancestry]
  4569 | D:5      | Reached XP level 7. HP: 52/52 MP: 7/7
  4594 | D:5      | Found a transporter.
  4605 | D:5      | Found a transporter.
  4614 | D:5      | Noticed p0werm0de's ghost (novice DDFi)
  5305 | D:5      | Reached skill level 6 in Staves
  5347 | D:5      | Reached ** piety under Okawaru
  5472 | D:5      | Found a shimmering altar of Xom.
  5472 | D:5      | Found an ornate altar of the Wu Jian Council.
  5851 | D:6      | Reached skill level 1 in Stealth
  5998 | D:6      | Found a glowing drain.
  6001 | D:6      | Gained mutation: You have very sharp fingernails. [demonic ancestry]
  6001 | D:6      | Reached XP level 8. HP: 39/60 MP: 8/8
  6007 | Sewer    | Entered a sewer
  6710 | D:6      | Noticed p0werm0de's ghost (novice DDFi)
  6746 | D:5      | Killed p0werm0de's ghost
  6746 | D:5      | Reached skill level 5 in Fighting
  6746 | D:5      | Reached skill level 7 in Staves
  7029 | D:6      | Reached skill level 5 in Armour
  7136 | D:6      | Noticed Grinder
  7142 | D:6      | Paralysed by Grinder for 6 turns
  7165 | D:6      | Killed Grinder
  7165 | D:6      | Reached *** piety under Okawaru
  7165 | D:6      | Reached XP level 9. HP: 35/68 MP: 9/9
  7215 | D:6      | Splashed by a crimson imp's acid

Vault maps used:
D:1:      minmay_arrival_checkered_box
D:2:      lemuel_coloured_pillars_altar
D:3:      okawaru_gym_becter, kiku_gazebo_garden_becter, lemuel_crystal_altar
D:4:      serial_shops, nicolae_shop_behind_doors
D:5:      gammafunk_steamed_eel, gammafunk_temple_overflow_elements,
          first_ration
D:6:      gup_sewer_entry_bubbles, uniq_grinder
Sewer:    sewer_minmay_w

Skill      XL: |  1  2  3  4  5  6  7  8 |
---------------+-------------------------+-----
Dodging        | 3 4 |  4.1
Staves         | 3 4 5 6 7 |  7.9
Armour         | 1 2 4 5 |  5.2
Fighting       | 3 5 |  5.2
Stealth        | 1 |  1.1
Throwing       | |  1.8
Invocations    | |  0.9

Action                   |  1- 3 |  4- 6 |  7- 9 || total
-------------------------+-------+-------+-------++-------
Melee: Quarterstaff      |   127 |   108 |   301 ||   536
Invok: Heroism           |       |     1 |     2 ||     3
  Use: Potion            |     1 |       |       ||     1
       Scroll            |       |     8 |     8 ||    16
  Eat: Chunk             |     2 |       |     5 ||     7
       Ration            |     1 |     2 |     1 ||     4
Armor: Leather armour    |    18 |       |       ||    18
       Chain mail        |    29 |    85 |   188 ||   302
Dodge: Dodged            |    66 |    47 |   157 ||   270

Table legend:
 A = Spawn XP
 B = Non-spawn XP
 C = Spawn XP percentage of total XP
 D = Spawn monster count
 E = Non-spawn monster count
 F = Spawn count percentage of total count
 G = Total turns spent on level
                    A         B        C        D         E        F      G
               +---------+---------+-------+---------+---------+-------+---------
         Total |       0 |    2926 |   0.0 |       0 |     164 |   0.0 |  7215
               +---------+---------+-------+---------+---------+-------+---------
           D:1 |       0 |      25 |   0.0 |       0 |      16 |   0.0 |   427
           D:2 |       0 |      74 |   0.0 |       0 |      23 |   0.0 |  2290
           D:3 |       0 |     197 |   0.0 |       0 |      12 |   0.0 |   843
           D:4 |       0 |     313 |   0.0 |       0 |      18 |   0.0 |  1750
           D:5 |       0 |    1293 |   0.0 |       0 |      20 |   0.0 |   782
           D:6 |       0 |     650 |   0.0 |       0 |      27 |   0.0 |   537
         Sewer |       0 |     374 |   0.0 |       0 |      48 |   0.0 |   586
               +---------+---------+-------+---------+---------+-------+---------
